Map: 世界主宰-天梯版

Players

JieShi - Winner!

  • Race: Protoss Protoss
  • League: Master

Cyan

  • Race: Protoss Protoss
  • League: Master

Event: DreamHack SC2 Masters 2020 Winter

VOD

Have the link to the VOD?

Description

Time

  • Played on: Oct. 31, 2020, 8:23 a.m.
  • Length: 12:03

All games in this series

Show
View Real Time Build Order
Export as new Build Order

JieShi Protoss - Winner!

Build Orders:  

Get SALT Encoding   

  12  0:01  Probe  
  13  0:13  Probe  
  14  0:18  Pylon  
  14  0:25  Probe (Chrono Boost)  
  15  0:37  Gateway, Probe (Chrono Boost)  
  16  0:45  Probe (Chrono Boost)  
  16  0:47  Assimilator  
  17  0:51  Probe  
  17  0:56  Assimilator  
  18  1:03  Probe (Chrono Boost)  
  19  1:08  Gateway  
  19  1:14  Probe (Chrono Boost)  
  20  1:18  Probe (Chrono Boost)  
  21  1:26  Cybernetics Core  
  21  1:30  Probe  
  22  1:34  Pylon  
  22  1:42  Probe  
  23  1:54  Probe  
  24  2:03  Stalker x2, Warp Gate  
  28  2:12  Pylon  
  28  2:33  Adept x2  
  32  2:46  Nexus  
  32  2:48  Probe  
  33  2:57  Shield Battery  
  33  3:00  Probe  
  33  3:03  Sentry  
  35  3:07  Sentry  
  37  3:14  Pylon, Probe  
  38  3:22  Shield Battery  
  38  3:26  Probe  
  39  3:38  Probe  
  40  3:43  Robotics Facility  
  40  3:50  Probe  
  41  4:00  Probe (Chrono Boost)  
  40  4:03  Probe (Chrono Boost)  
  40  4:04  Stalker, Sentry  
  41  4:12  Probe (Chrono Boost)  
  40  4:18  Shield Battery  
  40  4:28  Stalker x2  
  40  4:31  Immortal (Chrono Boost)  
  44  4:36  Probe  
  50  4:42  Shield Battery  
  50  4:45  Probe  
  48  4:48  Probe  
  48  4:52  Stalker x2  
  53  4:57  Pylon  
  53  5:05  Warp Prism (Chrono Boost)  
  51  5:08  Probe  
  51  5:12  Probe  
  53  5:19  Sentry x2  
  53  5:20  Probe  
  58  5:24  Probe  
  59  5:32  Probe  
  58  5:38  Probe  
  59  5:44  Probe  
  59  5:48  Twilight Council, Observer  
  59  5:49  Pylon  
  61  5:51  Probe  
  61  5:52  Pylon  
  62  6:01  Assimilator  
  62  6:02  Pylon  
  62  6:06  Forge  
  62  6:07  Probe  
  63  6:11  Pylon  
  63  6:13  Stalker x2  
  63  6:15  Probe  
  68  6:19  Probe  
  69  6:25  Blink (Chrono Boost)  
  69  6:27  Probe  
  71  6:39  Probe  
  72  6:43  Assimilator  
  72  6:44  Nexus  
  71  6:47  Adept x2  
  75  6:58  Probe  
  72  7:14  Probe x2  
  74  7:19  Photon Cannon  
  74  7:20  Warp Prism (Chrono Boost)  
  74  7:21  Protoss Ground Weapons Level 1  
  74  7:24  Gateway  
  74  7:25  Gateway  
  74  7:28  Photon Cannon  
  74  7:29  Probe x2  
  78  7:30  Shield Battery  
  78  7:32  Sentry x2  
  82  7:41  Gateway, Probe x2  
  84  7:46  Gateway  
  84  7:53  Gateway  
  84  7:58  Probe (Chrono Boost)  
  87  8:01  Probe x2 (Chrono Boost)  
  87  8:03  Gateway  
  87  8:07  Probe (Chrono Boost)  
  87  8:11  Sentry  
  87  8:12  Stalker  
  90  8:21  Stalker  
  90  8:22  Stalker  
  90  8:24  Pylon  
  92  8:28  Immortal (Chrono Boost)  
  92  8:33  Pylon  
  96  8:41  Stalker x3  
  96  8:58  Stalker x4  
  96  8:59  Stalker  
  100  9:13  Stalker  
  100  9:14  Immortal (Chrono Boost)  
  100  9:22  Zealot x3  
  92  9:29  Cybernetics Core, Zealot x2  
  84  9:37  Zealot  
  78  9:43  Immortal (Chrono Boost)  
  78  9:44  Zealot x3  
  82  9:56  Zealot  
  82  9:57  Zealot  
  67  10:00  Zealot  
  67  10:02  Observer  
  63  10:07  Stalker x3  
  63  10:08  Probe  
  63  10:12  Probe  
  63  10:18  Probe (Chrono Boost)  
  66  10:21  Observer (Chrono Boost), Probe (Chrono Boost)  
  66  10:24  Probe (Chrono Boost)  
  66  10:26  Sentry  
  66  10:27  Sentry x2  
  73  10:29  Pylon  
  73  10:34  Stalker x2, Sentry  
  82  10:36  Probe x2 (Chrono Boost)  
  82  10:38  Probe (Chrono Boost)  
  82  10:41  Probe (Chrono Boost)  
  82  10:42  Warp Prism (Chrono Boost)  
  85  10:44  Probe  
  86  10:54  Photon Cannon  
  86  10:55  Stalker  
  86  10:57  Stalker  
  90  11:02  Stalker x2  
  94  11:08  Stalker  
  94  11:09  Stalker  
  98  11:14  Stalker  
  96  11:27  Stalker x3  
  96  11:28  Stalker  
  100  11:38  Stalker x3  
Show
View Real Time Build Order
Export as new Build Order

Cyan Protoss 

Build Orders:  

Get SALT Encoding   

  12  0:00  Probe  
  13  0:12  Probe  
  14  0:17  Pylon  
  14  0:24  Probe (Chrono Boost)  
  15  0:36  Probe (Chrono Boost)  
  15  0:39  Gateway  
  16  0:44  Probe (Chrono Boost)  
  16  0:47  Assimilator  
  17  0:51  Probe  
  17  0:55  Assimilator  
  18  1:03  Probe (Chrono Boost)  
  19  1:09  Gateway  
  19  1:13  Probe (Chrono Boost)  
  19  1:18  Probe  
  21  1:25  Cybernetics Core  
  21  1:30  Probe  
  22  1:36  Pylon  
  22  1:42  Probe  
  23  1:59  Warp Gate (Chrono Boost)  
  23  2:01  Stalker x2  
  23  2:05  Pylon  
  23  2:07  Probe  
  28  2:31  Stalker x2  
  31  3:00  Nexus  
  31  3:01  Stalker  
  33  3:06  Stalker  
  35  3:18  Pylon  
  35  3:23  Shield Battery  
  34  3:42  Stalker  
  34  3:45  Stalker  
  37  3:49  Probe (Chrono Boost)  
  34  4:00  Probe (Chrono Boost)  
  33  4:04  Probe (Chrono Boost)  
  34  4:15  Adept x2, Probe (Chrono Boost)  
  39  4:19  Probe (Chrono Boost)  
  40  4:27  Probe (Chrono Boost)  
  42  4:32  Probe (Chrono Boost)  
  42  4:35  Probe (Chrono Boost)  
  42  4:37  Probe (Chrono Boost)  
  44  4:41  Probe  
  45  4:46  Probe  
  46  4:53  Twilight Council, Probe  
  46  4:58  Probe  
  48  5:06  Probe  
  47  5:10  Probe  
  47  5:11  Adept x2  
  48  5:18  Probe (Chrono Boost)  
  49  5:23  Probe (Chrono Boost)  
  49  5:27  Pylon  
  50  5:30  Probe (Chrono Boost)  
  50  5:34  Probe (Chrono Boost)  
  52  5:36  Blink (Chrono Boost)  
  52  5:37  Probe (Chrono Boost)  
  52  5:39  Probe (Chrono Boost)  
  52  5:41  Robotics Facility  
  50  5:45  Probe  
  50  5:46  Sentry  
  50  5:47  Sentry  
  55  5:51  Shield Battery  
  55  5:53  Probe  
  56  5:57  Shield Battery  
  56  6:02  Shield Battery  
  56  6:08  Gateway  
  56  6:14  Sentry  
  56  6:15  Gateway  
  56  6:16  Sentry  
  61  6:18  Probe x2  
  60  6:27  Pylon  
  62  6:37  Pylon  
  62  6:39  Probe  
  61  6:42  Probe  
  61  6:43  Assimilator, Immortal (Chrono Boost)  
  61  6:46  Assimilator, Pylon  
  66  6:48  Stalker  
  66  6:52  Stalker  
  70  6:55  Shield Battery  
  68  7:03  Stalker  
  66  7:08  Probe  
  66  7:15  Probe  
  62  7:19  Stalker, Immortal (Chrono Boost)  
  68  7:24  Gateway x2  
  68  7:28  Gateway  
  68  7:42  Stalker  
  70  7:47  Warp Prism (Chrono Boost)  
  70  7:50  Stalker  
  72  7:56  Stalker x2  
  78  8:04  Pylon  
  78  8:05  Pylon  
  78  8:10  Stalker  
  80  8:16  Observer  
  81  8:29  Pylon  
  81  8:38  Stalker x2  
  81  8:39  Stalker x4  
  81  8:40  Stalker  
  89  9:12  Stalker x7  
  79  9:36  Stalker x5  
  85  9:40  Sentry x2  
  75  10:04  Observer  
  75  10:06  Immortal (Chrono Boost)  
  55  10:21  Sentry x3  
  55  10:22  Stalker x2  
  65  10:40  Stalker  
  65  10:42  Warp Prism (Chrono Boost)  
  69  10:46  Stalker x2  
  69  10:47  Nexus  
  73  10:51  Sentry  
  73  10:53  Stalker  
  77  10:58  Stalker  
  79  11:08  Stalker  
  79  11:09  Stalker  
  75  11:25  Stalker x2  
  75  11:26  Stalker  
Tags
 
Add a new tag
Caveats
  • Supply blocks, unpowered buildings, or Contaminate may cause inaccurate times.
  • Supply counts are checked every 10 seconds.